Kings vs Predators

Created - 22 janvier 2021 at 15:50

Goals
1 2 3 T
Kings 1 2 3 6
Predators 2 0 2 4
Shots
1 2 3 T
Kings 13 13 15 41
Predators 18 8 14 40

1st period

1. Predators , Carl Soderberg 9 (Anthony Duclair 14) at 5:08
2. Kings , Artem Anisimov 4 (Alexander Radulov 15, Jonas Brodin 7) at 5:56
3. Predators , Brendan Lemieux 7 (Aleksander Barkov 20, Samuel Girard 11) at 8:20

Penalties :
Luke Schenn (LAK) for Slashing (Minor) at 1:38, Robert Bortuzzo (NSH) for Interference (Minor) at 9:20

2nd period

4. Kings , Alexander Radulov 10 (Jamie Benn 7, Artemi Panarin 22) at 2:02
5. Kings , Artem Anisimov 5 (Alexander Radulov 16) at 3:18 (PP)

Penalties :
Anthony Duclair (NSH) for Tripping (Minor) at 2:46, Shea Weber (LAK) for Holding (Minor) at 3:35, Sven Baertschi (NSH) for Delaying the game (Minor) at 11:28

3rd period

6. Kings , Artemi Panarin 14 (Alex Ovechkin 21, Tomas Hertl 18) at 5:20
7. Predators , Mark Jankowski 2 (Vladislav Gavrikov 11, Sven Baertschi 3) at 12:16
8. Predators , Aleksander Barkov 13 (Colin Wilson 6) at 13:56
9. Kings , Shea Weber 1 (Artemi Panarin 23, Alex Ovechkin 22) at 14:32 (PP)
10. Kings , Artem Anisimov 6 (Alexander Radulov 17, Jamie Benn 8) at 16:01

Penalties :
Luke Schenn (LAK) for Goalie Interference (Minor) at 2:13, Aleksander Barkov (NSH) for High sticking (Minor) at 6:27, William Nylander (NSH) for Hooking (Minor) at 14:17, Sven Baertschi (NSH) for High sticking (Minor) at 19:17

Goalie Stats

Devan Dubnyk (LAK), 36 saves from 40 shots - (0,900), W, 4-0-3, 60:00 minutes
Troy Grosenick (NSH), 35 saves from 41 shots - (0,854), L, 2-6-1, 60:00 minutes

Players Stats for Kings

Player Name              G  A  P  +/- PIM S  H  SB GA TA FO     MP     PP MP  PK MP  
------------------------------------------------------------------------------------
Alex Goligoski           0  0  0   1  0   4  2  2  0  1  0/0    26:46   5:22   2:26 
Alex Ovechkin            0  2  2   0  0   3  1  0  2  0  0/4    22:22   4:49   0:58 
Alexander Radulov        1  3  4   3  0   6  4  0  1  1  0/1    16:46   2:37   0:00 
Artem Anisimov           3  0  3   3  0   6  2  0  1  0  1/1    16:46   2:37   0:00 
Artemi Panarin           1  2  3   0  0   5  1  1  2  0  0/2    21:18   4:49   0:00 
Artturi Lehkonen         0  0  0  -2  0   1  2  1  0  0  0/2    11:26   0:09   2:01 
Carter Rowney            0  0  0  -2  0   2  2  1  0  0  0/1    12:12   0:00   2:58 
Danny DeKeyser           0  0  0   0  0   0  1  1  1  0  0/0    19:20   0:00   3:18 
Jamie Benn               0  2  2   3  0   3  7  0  1  1  11/17  16:46   2:37   0:00 
Jayson Megna             0  0  0  -1  0   1  0  0  0  0  0/5     8:40   0:00   2:01 
Jonas Brodin             0  1  1   0  0   2  1  0  0  0  0/0    21:36   2:04   3:30 
Luke Schenn              0  0  0  -1  4   0  1  0  0  0  0/0    12:32   0:00   0:51 
Michael Del Zotto        0  0  0  -1  0   3  0  0  0  1  0/0    13:54   2:04   0:13 
Nikolay Goldobin         0  0  0  -1  0   1  0  0  0  0  0/0     6:38   0:00   0:00 
Sean Kuraly              0  0  0  -2  0   1  2  0  0  1  3/8    12:06   0:00   2:52 
Shea Weber               1  0  1   1  2   2  2  1  0  1  0/0    25:56   5:22   1:36 
Tage Thompson            0  0  0  -1  0   0  0  0  0  0  0/0     6:38   0:00   0:00 
Tomas Hertl              0  1  1   0  0   1  2  0  0  0  20/35  22:18   4:40   1:04 

Players Stats for Predators

Player Name              G  A  P  +/- PIM S  H  SB GA TA FO     MP     PP MP  PK MP  
------------------------------------------------------------------------------------
Aleksander Barkov        1  1  2   0  2   5  5  0  0  0  26/42  21:50   2:55   0:00 
Anthony Duclair          0  1  1  -1  2   3  3  0  1  1  0/1    16:33   3:02   1:26 
Austin Czarnik           0  0  0   0  0   0  0  0  0  0  0/0     0:43   0:00   0:00 
Brayden Point            0  0  0  -2  0   5  0  0  2  0  0/1    19:22   2:55   0:54 
Brendan Lemieux          1  0  1   2  0   3  1  0  0  0  0/0    12:05   0:05   0:00 
Carl Soderberg           1  0  1  -1  0   4  0  1  0  0  10/20  19:32   2:57   4:37 
Colin Wilson             0  1  1   1  0   1  1  1  1  1  0/0    11:07   0:05   0:08 
Jaccob Slavin            0  0  0   1  0   0  2  2  1  0  0/0    23:35   2:23   4:22 
Jay Bouwmeester          0  0  0   1  0   1  3  1  0  2  0/0    24:03   2:23   4:22 
Kevin Connauton          0  0  0   0  0   1  0  0  0  0  0/0    16:05   0:00   3:04 
Mark Jankowski           1  0  1   1  0   3  1  0  1  0  5/8    13:01   0:00   1:55 
Matthew Nieto            0  0  0   2  0   1  1  3  0  1  0/2    16:35   0:00   4:37 
Patrick Marleau          0  0  0  -1  0   0  3  0  0  0  0/1    14:55   2:57   0:00 
Robert Bortuzzo          0  0  0   0  2   4  0  2  0  1  0/0    15:21   0:00   2:21 
Samuel Girard            0  1  1  -1  0   3  0  2  0  0  0/0    20:41   3:34   0:43 
Sven Baertschi           0  1  1   1  4   2  0  0  0  0  0/0    12:21   0:00   1:15 
Vladislav Gavrikov       0  1  1  -1  0   2  1  1  0  2  0/0    20:20   3:34   0:00 
William Nylander         0  0  0  -2  2   2  0  0  0  0  0/1    14:19   2:55   0:00 

3 Stars

1 - Artem Anisimov (LAK)
2 - Alexander Radulov (LAK)
3 - Jamie Benn (LAK)

Power Play

Kings - 2 on 6 Attempt(s) - 33,33%
Predators - 0 on 3 Attempt(s) - 0,00%

Penalty Kill

Kings - 3 on 3 Attempt(s) - 100,00% - Score 0 goal in Penalty Kill
Predators - 4 on 6 Attempt(s) - 66,67% - Score 0 goal in Penalty Kill

Team Stat

Kings - Hits : 30 - Faceoff Wins : 35 - Blocked Shots : 7 - Penalty Minutes : 6
Predators - Hits : 21 - Faceoff Wins : 41 - Blocked Shots : 13 - Penalty Minutes : 12

Official

Referees : Dan Kelly and Brandon Schrader
Linesman : Matt Brady and Tyson Baker

Game Notes

Austin Czarnik is injured at 4:29 of 1st period (Right Knee)
Artem Anisimov has scored a Hat Trick!

Finance

Level 1 -- Attendance: 5466 (91,10%) -- Ticket Income 519 270 $
Level 2 -- Attendance: 4047 (80,94%) -- Ticket Income 263 055 $
Level 3 -- Attendance: 1577 (78,85%) -- Ticket Income 63 080 $
Level 4 -- Attendance: 3583 (89,58%) -- Ticket Income 78 826 $
Luxury Box -- Attendance: 1000 (100,00%) -- Ticket Income 175 000 $
Game was played at the Bridgestone arena.
Total Attendance: 15673 (87,07%)
Total Ticket Income: 1 099 231 $
Other Income: 538 623 $
Total Income: 1 637 854 $

Kings

5 vs 5 Forward 
   Center                   Left Wing                Right Wing               Time % Phy DF OF 
 1 Tomas Hertl              Alex Ovechkin            Artemi Panarin           38     1   2  2  
 2 Jamie Benn               Artem Anisimov           Alexander Radulov        33     1   2  2  
 3 Sean Kuraly              Artturi Lehkonen         Carter Rowney            20     1   2  2  
 4 Jayson Megna             Nikolay Goldobin         Tage Thompson            9      1   2  2  

5 vs 5 Defense 
   Defense                  Defense                                           Time % Phy DF OF 
 1 Shea Weber               Alex Goligoski                                    40     1   2  2  
 2 Jonas Brodin             Danny DeKeyser                                    35     1   2  2  
 3 Michael Del Zotto        Luke Schenn                                       25     1   2  2  
 4 Shea Weber               Alex Goligoski                                    0      1   2  2  

PowerPlay Forward 
   Center                   Left Wing                Right Wing               Time % Phy DF OF 
 1 Tomas Hertl              Alex Ovechkin            Artemi Panarin           60     0   1  4  
 2 Jamie Benn               Artem Anisimov           Alexander Radulov        40     0   1  4  

PowerPlay Defense
   Defense                  Defense                                           Time % Phy DF OF 
 1 Shea Weber               Alex Goligoski                                    60     1   3  1  
 2 Jonas Brodin             Michael Del Zotto                                 40     1   3  1  

Penalty Kill 4 Players Forward 
   Center                   Wing                     Time % Phy DF OF 
 1 Sean Kuraly              Carter Rowney            60     1   4  0  
 2 Jayson Megna             Artturi Lehkonen         40     1   4  0  

Penalty Kill 4 Players Defense
   Defense                  Defense                  Time % Phy DF OF 
 1 Jonas Brodin             Danny DeKeyser           60     1   4  0  
 2 Shea Weber               Alex Goligoski           40     1   4  0  

Penalty Kill - 3 Players Forward 
   Forward                                           Time % Phy DF OF 
 1 Tomas Hertl                                       60     1   4  0  
 2 Sean Kuraly                                       40     1   4  0  

Penalty Kill - 3 Players Defense
   Defense                  Defense                  Time % Phy DF OF 
 1 Shea Weber               Alex Goligoski           60     1   4  0  
 2 Jonas Brodin             Danny DeKeyser           40     1   4  0  

4 vs 4 Forward 
   Center                   Wing                     Time % Phy DF OF 
 1 Tomas Hertl              Alex Ovechkin            60     1   2  2  
 2 Jamie Benn               Artemi Panarin           40     1   2  2  

4 vs 4 Defense
   Defense                  Defense                  Time % Phy DF OF 
 1 Shea Weber               Alex Goligoski           60     1   2  2  
 2 Jonas Brodin             Danny DeKeyser           40     1   2  2  

Last Minutes Offensive
   Center                   Left Wing                Right Wing               Defense                  Defense                  
   Tomas Hertl              Alex Ovechkin            Artemi Panarin           Shea Weber               Alex Goligoski           

Last Minutes Defensive
   Center                   Left Wing                Right Wing               Defense                  Defense                  
   Tomas Hertl              Alex Ovechkin            Artemi Panarin           Shea Weber               Alex Goligoski           

Goaltenders
Starting : Devan Dubnyk             
Backup : Semyon Varlamov          

Extra Forwards
Normal : Artturi Lehkonen, Sean Kuraly, Carter Rowney - PP : Artturi Lehkonen, Sean Kuraly - PK : Carter Rowney
Extra Defensemen
Normal : Michael Del Zotto, Luke Schenn, Jonas Brodin - PP : Michael Del Zotto - PK : Luke Schenn, Jonas Brodin
Penalty Shots
Alex Ovechkin, Artemi Panarin, Tomas Hertl, Jamie Benn, Alexander Radulov
Custom OT Lines Forwards
Alex Ovechkin, Artemi Panarin, Tomas Hertl, Jamie Benn, Alexander Radulov, Artem Anisimov, Artturi Lehkonen, Sean Kuraly, Carter Rowney, Jayson Megna
Custom OT Lines Defensemen
Shea Weber, Alex Goligoski, Jonas Brodin, Danny DeKeyser, Michael Del Zotto

Scratches
None

Predators

5 vs 5 Forward 
   Center                   Left Wing                Right Wing               Time % Phy DF OF 
 1 Aleksander Barkov        William Nylander         Brayden Point            30     0   1  4  
 2 Carl Soderberg           Anthony Duclair          Patrick Marleau          28     0   1  4  
 3 Austin Czarnik           Matthew Nieto            Brendan Lemieux          25     0   3  2  
 4 Mark Jankowski           Sven Baertschi           Colin Wilson             17     0   4  1  

5 vs 5 Defense 
   Defense                  Defense                                           Time % Phy DF OF 
 1 Vladislav Gavrikov       Samuel Girard                                     37     1   1  3  
 2 Jaccob Slavin            Jay Bouwmeester                                   36     1   2  2  
 3 Kevin Connauton          Robert Bortuzzo                                   27     1   4  0  
 4 Vladislav Gavrikov       Samuel Girard                                     0      1   2  2  

PowerPlay Forward 
   Center                   Left Wing                Right Wing               Time % Phy DF OF 
 1 Carl Soderberg           Anthony Duclair          Patrick Marleau          50     0   0  5  
 2 Aleksander Barkov        William Nylander         Brayden Point            50     0   0  5  

PowerPlay Defense
   Defense                  Defense                                           Time % Phy DF OF 
 1 Vladislav Gavrikov       Samuel Girard                                     55     0   1  4  
 2 Jaccob Slavin            Jay Bouwmeester                                   45     0   1  4  

Penalty Kill 4 Players Forward 
   Center                   Wing                     Time % Phy DF OF 
 1 Carl Soderberg           Matthew Nieto            60     1   4  0  
 2 Mark Jankowski           Sven Baertschi           40     1   4  0  

Penalty Kill 4 Players Defense
   Defense                  Defense                  Time % Phy DF OF 
 1 Jaccob Slavin            Jay Bouwmeester          65     1   4  0  
 2 Kevin Connauton          Robert Bortuzzo          35     1   4  0  

Penalty Kill - 3 Players Forward 
   Forward                                           Time % Phy DF OF 
 1 Carl Soderberg                                    55     0   5  0  
 2 Mark Jankowski                                    45     0   5  0  

Penalty Kill - 3 Players Defense
   Defense                  Defense                  Time % Phy DF OF 
 1 Jaccob Slavin            Jay Bouwmeester          60     1   4  0  
 2 Kevin Connauton          Robert Bortuzzo          40     1   4  0  

4 vs 4 Forward 
   Center                   Wing                     Time % Phy DF OF 
 1 Aleksander Barkov        Brayden Point            50     0   1  4  
 2 William Nylander         Anthony Duclair          50     0   1  4  

4 vs 4 Defense
   Defense                  Defense                  Time % Phy DF OF 
 1 Vladislav Gavrikov       Samuel Girard            55     0   2  3  
 2 Jaccob Slavin            Jay Bouwmeester          45     0   3  2  

Last Minutes Offensive
   Center                   Left Wing                Right Wing               Defense                  Defense                  
   Aleksander Barkov        William Nylander         Brayden Point            Vladislav Gavrikov       Samuel Girard            

Last Minutes Defensive
   Center                   Left Wing                Right Wing               Defense                  Defense                  
   Carl Soderberg           Matthew Nieto            Brendan Lemieux          Jaccob Slavin            Jay Bouwmeester          

Goaltenders
Starting : Troy Grosenick           
Backup : Connor Ingram            

Extra Forwards
Normal : Aleksander Barkov, Brayden Point, Brendan Lemieux - PP : Colin Wilson, Brendan Lemieux - PK : Carl Soderberg
Extra Defensemen
Normal : Jaccob Slavin, Vladislav Gavrikov, Kevin Connauton - PP : Kevin Connauton - PK : Jaccob Slavin, Samuel Girard
Penalty Shots
Aleksander Barkov, Brendan Lemieux, Patrick Marleau, Anthony Duclair, Brayden Point
Custom OT Lines Forwards
William Nylander, Anthony Duclair, Carl Soderberg, Brayden Point, Aleksander Barkov, Brendan Lemieux, Matthew Nieto, Colin Wilson, Patrick Marleau, Sven Baertschi
Custom OT Lines Defensemen
Vladislav Gavrikov, Jaccob Slavin, Samuel Girard, Jay Bouwmeester, Kevin Connauton

Scratches
Jordan Weal (Healthy)

% Time on Ice - Kings

Lines # - Real PCT - Wanted PCT - Time Play
Normal Forward
1 - 36% - 38% - 16:35
2 - 30% - 33% - 14:10
3 - 20% - 20% - 9:14
4 - 14% - 9% - 6:38
Normal Defense
1 - 40% - 40% - 18:38
2 - 35% - 35% - 16:23
3 - 25% - 25% - 11:36
4 - 0% - 0% - 0:00
PP Forward
1 - 65% - 60% - 4:49
2 - 35% - 40% - 2:37
PP Defense
1 - 72% - 60% - 5:22
2 - 28% - 40% - 2:04
PK Forward
1 - 66% - 60% - 3:56
2 - 34% - 40% - 2:01
PK Defense
1 - 55% - 60% - 3:18
2 - 45% - 40% - 2:39
PK3 Forward
1 - 0% - 60%
2 - 0% - 40%
PK3 Defense
1 - 0% - 60%
2 - 0% - 40%
44 Forward
1 - 0% - 60%
2 - 0% - 40%
44 Defense
1 - 0% - 60%
2 - 0% - 40%
Last Minute Offensive  - 0:00
Last Minute Defensive  - 0:00
Total
Forward - 60:00
Defense - 60:00

% Time on Ice - Predators

Lines # - Real PCT - Wanted PCT - Time Play
Normal Forward
1 - 25% - 30% - 11:37
2 - 27% - 28% - 12:32
3 - 26% - 25% - 11:58
4 - 23% - 17% - 10:30
Normal Defense
1 - 37% - 37% - 17:11
2 - 37% - 36% - 17:07
3 - 26% - 27% - 12:19
4 - 0% - 0% - 0:00
PP Forward
1 - 51% - 50% - 3:02
2 - 49% - 50% - 2:55
PP Defense
1 - 60% - 55% - 3:34
2 - 40% - 45% - 2:23
PK Forward
1 - 74% - 60% - 5:31
2 - 26% - 40% - 1:55
PK Defense
1 - 59% - 65% - 4:22
2 - 41% - 35% - 3:04
PK3 Forward
1 - 0% - 55%
2 - 0% - 45%
PK3 Defense
1 - 0% - 60%
2 - 0% - 40%
44 Forward
1 - 0% - 50%
2 - 0% - 50%
44 Defense
1 - 0% - 55%
2 - 0% - 45%
Last Minute Offensive  - 0:00
Last Minute Defensive  - 0:00
Total
Forward - 60:00
Defense - 60:00

Play-by-Play

1st period


0:01 of 1st period - Aleksander Barkov wins face-off versus Tomas Hertl in neutral zone.
0:32 of 1st period - Shea Weber is hit by Patrick Marleau and loses puck.
0:53 of 1st period - Alex Goligoski is hit by Jay Bouwmeester and loses puck.
1:18 of 1st period - Backhand shot by Nikolay Goldobin.
1:18 of 1st period - Stopped by Troy Grosenick without a rebound.
1:19 of 1st period - Mark Jankowski wins face-off versus Jamie Benn in Predators zone.
1:19 of 1st period - Mark Jankowski is hit by Jamie Benn.
1:38 of 1st period - Minor Penalty to Luke Schenn for Slashing.
1:39 of 1st period - Sean Kuraly wins face-off versus Anthony Duclair in Kings zone.
3:36 of 1st period - Snap shot by Anthony Duclair.
3:36 of 1st period - Stopped by Devan Dubnyk with a rebound.
3:38 of 1st period - Penalty to Luke Schenn is over, Luke Schenn is back on ice.
3:50 of 1st period - Snap shot by Brendan Lemieux.
3:50 of 1st period - Stopped by Devan Dubnyk with a rebound.
3:52 of 1st period - Wrist shot by Matthew Nieto.
3:52 of 1st period - Stopped by Devan Dubnyk with a rebound.
3:54 of 1st period - Slapshot by Robert Bortuzzo.
3:54 of 1st period - Stopped by Devan Dubnyk without a rebound.
3:55 of 1st period - Tomas Hertl wins face-off versus Mark Jankowski in Kings zone.
4:28 of 1st period - Austin Czarnik is hit by Jamie Benn and loses puck.
4:29 of 1st period - Austin Czarnik from Predators is injured at 4:29 of 1st period (Right Knee).
4:30 of 1st period - Carl Soderberg wins face-off versus Tomas Hertl in Predators zone.
4:43 of 1st period - Snap shot by Carl Soderberg.
4:43 of 1st period - Shot Misses the Net.
4:45 of 1st period - Wrist shot by Carl Soderberg.
4:45 of 1st period - Stopped by Devan Dubnyk without a rebound.
4:46 of 1st period - Sean Kuraly wins face-off versus Aleksander Barkov in Kings zone.
4:46 of 1st period - Sean Kuraly is hit by Aleksander Barkov.
4:58 of 1st period - Snap shot by Aleksander Barkov.
4:58 of 1st period - Deflect By Brayden Point.
4:58 of 1st period - Shot Blocked by Artturi Lehkonen.
4:58 of 1st period - Puck is out of play.
4:59 of 1st period - Tomas Hertl wins face-off versus Carl Soderberg in Kings zone.
5:04 of 1st period - Wrist shot by Anthony Duclair.
5:04 of 1st period - Shot Misses the Net.
5:06 of 1st period - Wrist shot by Carl Soderberg.
5:06 of 1st period - Shot Misses the Net.
5:08 of 1st period - Slapshot by Carl Soderberg.
5:08 of 1st period - Goal by Carl Soderberg - Kings : 0 - Predators : 1.
5:09 of 1st period - Aleksander Barkov wins face-off versus Tomas Hertl in neutral zone.
5:19 of 1st period - Icing by Jonas Brodin.
5:20 of 1st period - Tomas Hertl wins face-off versus Patrick Marleau in Kings zone.
5:20 of 1st period - Tomas Hertl is hit by Anthony Duclair.
5:54 of 1st period - Snap shot by Alexander Radulov.
5:54 of 1st period - Stopped by Troy Grosenick with a rebound.
5:56 of 1st period - Snap shot by Artem Anisimov.
5:56 of 1st period - Goal by Artem Anisimov - Kings : 1 - Predators : 1.
5:57 of 1st period - Aleksander Barkov wins face-off versus Carter Rowney in neutral zone.
6:08 of 1st period - Wrist shot by Aleksander Barkov.
6:08 of 1st period - Stopped by Devan Dubnyk without a rebound.
6:09 of 1st period - Jamie Benn wins face-off versus Carl Soderberg in Kings zone.
6:13 of 1st period - Off-side.
6:14 of 1st period - Jamie Benn wins face-off versus Carl Soderberg in neutral zone.
6:19 of 1st period - Jay Bouwmeester is hit by Alexander Radulov and loses puck.
7:04 of 1st period - Snap shot by Sven Baertschi.
7:04 of 1st period - Shot Blocked by Alex Goligoski.
7:06 of 1st period - Slapshot by Mark Jankowski.
7:06 of 1st period - Deflect By Colin Wilson.
7:06 of 1st period - Shot Blocked by Carter Rowney.
7:06 of 1st period - Puck is out of play.
7:07 of 1st period - Mark Jankowski wins face-off versus Sean Kuraly in Kings zone.
7:24 of 1st period - Slapshot by Samuel Girard.
7:24 of 1st period - Stopped by Devan Dubnyk without a rebound.
7:25 of 1st period - Tomas Hertl wins face-off versus Aleksander Barkov in Kings zone.
7:36 of 1st period - Backhand shot by Aleksander Barkov.
7:36 of 1st period - Stopped by Devan Dubnyk with a rebound.
7:38 of 1st period - Slapshot by Robert Bortuzzo.
7:38 of 1st period - Stopped by Devan Dubnyk with a rebound.
7:40 of 1st period - Slapshot by William Nylander.
7:40 of 1st period - Deflect By Brayden Point.
7:40 of 1st period - Stopped by Devan Dubnyk with a rebound.
7:42 of 1st period - Slapshot by Kevin Connauton.
7:42 of 1st period - Stopped by Devan Dubnyk without a rebound.
7:43 of 1st period - Aleksander Barkov wins face-off versus Alexander Radulov in Kings zone.
7:44 of 1st period - Slapshot by Samuel Girard.
7:44 of 1st period - Deflect By Aleksander Barkov.
7:44 of 1st period - Stopped by Devan Dubnyk without a rebound.
7:45 of 1st period - Aleksander Barkov wins face-off versus Jamie Benn in Kings zone.
7:46 of 1st period - Wrist shot by Matthew Nieto.
7:46 of 1st period - Shot Misses the Net.
8:20 of 1st period - Wrist shot by Brendan Lemieux.
8:20 of 1st period - Goal by Brendan Lemieux - Kings : 1 - Predators : 2.
8:21 of 1st period - Carl Soderberg wins face-off versus Tomas Hertl in neutral zone.
8:26 of 1st period - Snap shot by Anthony Duclair.
8:26 of 1st period - Shot Misses the Net.
8:48 of 1st period - Jay Bouwmeester is hit by Alexander Radulov and loses puck.
9:18 of 1st period - Snap shot by Alexander Radulov.
9:18 of 1st period - Shot Blocked by Robert Bortuzzo.
9:20 of 1st period - Minor Penalty to Robert Bortuzzo for Interference.
9:21 of 1st period - Tomas Hertl wins face-off versus Carl Soderberg in Predators zone.
9:34 of 1st period - Slapshot by Alex Ovechkin.
9:34 of 1st period - Shot Misses the Net.
9:36 of 1st period - Slapshot by Alex Goligoski.
9:36 of 1st period - Shot Blocked by Jaccob Slavin.
9:38 of 1st period - Slapshot by Alex Goligoski.
9:38 of 1st period - Stopped by Troy Grosenick with a rebound.
9:48 of 1st period - Slapshot by Alexander Radulov.
9:48 of 1st period - Shot Misses the Net.
9:50 of 1st period - Wrist shot by Michael Del Zotto.
9:50 of 1st period - Stopped by Troy Grosenick without a rebound.
9:51 of 1st period - Jamie Benn wins face-off versus Matthew Nieto in Predators zone.
10:25 of 1st period - Snap shot by Artemi Panarin.
10:25 of 1st period - Shot Blocked by Matthew Nieto.
11:20 of 1st period - Penalty to Robert Bortuzzo is over, Robert Bortuzzo is back on ice.
11:31 of 1st period - Wrist shot by Artturi Lehkonen.
11:31 of 1st period - Stopped by Troy Grosenick with a rebound.
11:53 of 1st period - Slapshot by Jayson Megna.
11:53 of 1st period - Stopped by Troy Grosenick without a rebound.
11:54 of 1st period - Mark Jankowski wins face-off versus Jayson Megna in Predators zone.
11:59 of 1st period - Danny DeKeyser is hit by Colin Wilson and loses puck.
12:46 of 1st period - Slapshot by Matthew Nieto.
12:46 of 1st period - Deflect By Aleksander Barkov.
12:46 of 1st period - Shot Misses the Net.
12:46 of 1st period - Puck is out of play.
12:47 of 1st period - Jamie Benn wins face-off versus William Nylander in Kings zone.
13:46 of 1st period - Snap shot by Carter Rowney.
13:46 of 1st period - Stopped by Troy Grosenick with a rebound.
13:55 of 1st period - Off-side.
13:56 of 1st period - Mark Jankowski wins face-off versus Jayson Megna in neutral zone.
14:23 of 1st period - Tomas Hertl is hit by Anthony Duclair and loses puck.
15:31 of 1st period - Wrist shot by Artemi Panarin.
15:31 of 1st period - Stopped by Troy Grosenick with a rebound.
15:33 of 1st period - Slapshot by Alex Goligoski.
15:33 of 1st period - Shot Blocked by Matthew Nieto.
16:12 of 1st period - Jaccob Slavin is hit by Jamie Benn and loses puck.
16:29 of 1st period - Slapshot by Shea Weber.
16:29 of 1st period - Deflect By Anthony Duclair.
16:29 of 1st period - Stopped by Troy Grosenick without a rebound.
16:30 of 1st period - Carl Soderberg wins face-off versus Tomas Hertl in Predators zone.
16:37 of 1st period - Snap shot by Patrick Marleau.
16:37 of 1st period - Shot Blocked by Danny DeKeyser.
16:53 of 1st period - Sven Baertschi is hit by Artem Anisimov and loses puck.
16:58 of 1st period - Slapshot by Alexander Radulov.
16:58 of 1st period - Stopped by Troy Grosenick without a rebound.
16:59 of 1st period - Tomas Hertl wins face-off versus Aleksander Barkov in Predators zone.
17:13 of 1st period - Off-side.
17:14 of 1st period - Jamie Benn wins face-off versus Carl Soderberg in neutral zone.
17:21 of 1st period - Wrist shot by Alexander Radulov.
17:21 of 1st period - Shot Misses the Net.
17:23 of 1st period - Slapshot by Jamie Benn.
17:23 of 1st period - Deflect By Carl Soderberg.
17:23 of 1st period - Stopped by Troy Grosenick without a rebound.
17:24 of 1st period - Carl Soderberg wins face-off versus Jamie Benn in Predators zone.
17:24 of 1st period - Carl Soderberg is hit by Alex Goligoski.
17:44 of 1st period - Snap shot by Alexander Radulov.
17:44 of 1st period - Shot Blocked by Samuel Girard.
17:46 of 1st period - Slapshot by Alex Goligoski.
17:46 of 1st period - Shot Misses the Net.
17:48 of 1st period - Wrist shot by Alexander Radulov.
17:48 of 1st period - Stopped by Troy Grosenick without a rebound.
17:49 of 1st period - Tomas Hertl wins face-off versus Aleksander Barkov in Predators zone.
18:02 of 1st period - Wrist shot by William Nylander.
18:02 of 1st period - Stopped by Devan Dubnyk with a rebound.
18:16 of 1st period - Matthew Nieto is hit by Carter Rowney and loses puck.
18:49 of 1st period - Snap shot by Anthony Duclair.
18:49 of 1st period - Stopped by Devan Dubnyk without a rebound.
18:50 of 1st period - Carl Soderberg wins face-off versus Alex Ovechkin in Kings zone.
18:53 of 1st period - Slapshot by Carl Soderberg.
18:53 of 1st period - Stopped by Devan Dubnyk with a rebound.
19:42 of 1st period - Wrist shot by Sven Baertschi.
19:42 of 1st period - Stopped by Devan Dubnyk without a rebound.
19:43 of 1st period - Aleksander Barkov wins face-off versus Tomas Hertl in Kings zone.
19:57 of 1st period - Off-side.
19:58 of 1st period - Jamie Benn wins face-off versus Aleksander Barkov in neutral zone.
Goals for this period are 1 for Kings vs 2 for Predators.
Shots for this period are 13 for Kings vs 18 for Predators.

2nd period


0:01 of 2nd period - Aleksander Barkov wins face-off versus Tomas Hertl in neutral zone.
0:04 of 2nd period - Backhand shot by William Nylander.
0:04 of 2nd period - Shot Misses the Net.
0:06 of 2nd period - Slapshot by Robert Bortuzzo.
0:06 of 2nd period - Stopped by Devan Dubnyk with a rebound.
0:08 of 2nd period - Snap shot by Robert Bortuzzo.
0:08 of 2nd period - Stopped by Devan Dubnyk with a rebound.
1:44 of 2nd period - Danny DeKeyser is hit by Aleksander Barkov and loses puck.
2:00 of 2nd period - Wrist shot by Alexander Radulov.
2:00 of 2nd period - Stopped by Troy Grosenick with a rebound.
2:02 of 2nd period - Snap shot by Alexander Radulov.
2:02 of 2nd period - Goal by Alexander Radulov - Kings : 2 - Predators : 2.
2:03 of 2nd period - Tomas Hertl wins face-off versus Aleksander Barkov in neutral zone.
2:16 of 2nd period - Alex Ovechkin is hit by Jay Bouwmeester and loses puck.
2:29 of 2nd period - Carl Soderberg is hit by Jamie Benn and loses puck.
2:46 of 2nd period - Minor Penalty to Anthony Duclair for Tripping.
2:47 of 2nd period - Tomas Hertl wins face-off versus Carl Soderberg in Predators zone.
3:04 of 2nd period - Snap shot by Artemi Panarin.
3:04 of 2nd period - Deflect By Alex Ovechkin.
3:04 of 2nd period - Shot Misses the Net.
3:04 of 2nd period - Puck is out of play.
3:05 of 2nd period - Jamie Benn wins face-off versus Carl Soderberg in Predators zone.
3:18 of 2nd period - Slapshot by Artem Anisimov.
3:18 of 2nd period - Goal by Artem Anisimov - Kings : 3 - Predators : 2.
3:19 of 2nd period - Aleksander Barkov wins face-off versus Tomas Hertl in neutral zone.
3:30 of 2nd period - Wrist shot by Brayden Point.
3:30 of 2nd period - Stopped by Devan Dubnyk with a rebound.
3:32 of 2nd period - Slapshot by Vladislav Gavrikov.
3:32 of 2nd period - Stopped by Devan Dubnyk without a rebound.
3:33 of 2nd period - Tomas Hertl wins face-off versus Aleksander Barkov in Kings zone.
3:35 of 2nd period - Minor Penalty to Shea Weber for Holding.
3:36 of 2nd period - Aleksander Barkov wins face-off versus Sean Kuraly in Kings zone.
4:13 of 2nd period - Slapshot by Samuel Girard.
4:13 of 2nd period - Stopped by Devan Dubnyk with a rebound.
4:15 of 2nd period - Slapshot by Samuel Girard.
4:15 of 2nd period - Deflect By Anthony Duclair.
4:15 of 2nd period - Stopped by Devan Dubnyk with a rebound.
4:29 of 2nd period - Luke Schenn is hit by Jay Bouwmeester and loses puck.
4:44 of 2nd period - Alex Goligoski is hit by Patrick Marleau and loses puck.
5:35 of 2nd period - Penalty to Shea Weber is over, Shea Weber is back on ice.
5:50 of 2nd period - Kevin Connauton is hit by Jamie Benn and loses puck.
6:01 of 2nd period - Mark Jankowski is hit by Alex Ovechkin and loses puck.
6:08 of 2nd period - Wrist shot by Alex Ovechkin.
6:08 of 2nd period - Stopped by Troy Grosenick with a rebound.
6:32 of 2nd period - Jaccob Slavin is hit by Jonas Brodin and loses puck.
7:01 of 2nd period - Slapshot by Alex Goligoski.
7:01 of 2nd period - Deflect By Jay Bouwmeester.
7:01 of 2nd period - Stopped by Troy Grosenick without a rebound.
7:02 of 2nd period - Tomas Hertl wins face-off versus Aleksander Barkov in Predators zone.
7:13 of 2nd period - Luke Schenn is hit by Vladislav Gavrikov and loses puck.
7:24 of 2nd period - Samuel Girard is hit by Jamie Benn and loses puck.
7:37 of 2nd period - Snap shot by Jamie Benn.
7:37 of 2nd period - Shot Hit the Post.
8:07 of 2nd period - Jay Bouwmeester is hit by Sean Kuraly and loses puck.
8:48 of 2nd period - Carl Soderberg is hit by Danny DeKeyser and loses puck.
9:11 of 2nd period - Snap shot by Nikolay Goldobin.
9:11 of 2nd period - Shot Misses the Net.
9:21 of 2nd period - Slapshot by Tomas Hertl.
9:21 of 2nd period - Stopped by Troy Grosenick with a rebound.
9:43 of 2nd period - Icing by Colin Wilson.
9:44 of 2nd period - Artem Anisimov wins face-off versus Mark Jankowski in Predators zone.
9:55 of 2nd period - Slapshot by Sven Baertschi.
9:55 of 2nd period - Shot Hit the Post.
9:57 of 2nd period - Slapshot by Robert Bortuzzo.
9:57 of 2nd period - Shot Misses the Net.
9:59 of 2nd period - Wrist shot by Sven Baertschi.
9:59 of 2nd period - Shot Misses the Net.
10:01 of 2nd period - Snap shot by Robert Bortuzzo.
10:01 of 2nd period - Deflect By Colin Wilson.
10:01 of 2nd period - Shot Misses the Net.
10:01 of 2nd period - Puck is out of play.
10:02 of 2nd period - Tomas Hertl wins face-off versus Aleksander Barkov in Kings zone.
10:02 of 2nd period - Tomas Hertl is hit by Aleksander Barkov.
10:53 of 2nd period - Michael Del Zotto is hit by Patrick Marleau and loses puck.
11:00 of 2nd period - Patrick Marleau is hit by Alexander Radulov and loses puck.
11:10 of 2nd period - Icing by Robert Bortuzzo.
11:11 of 2nd period - Carl Soderberg wins face-off versus Jayson Megna in Predators zone.
11:28 of 2nd period - Minor Penalty to Sven Baertschi for Delaying the game.
11:29 of 2nd period - Carl Soderberg wins face-off versus Alex Ovechkin in Predators zone.
12:47 of 2nd period - Jaccob Slavin is hit by Artem Anisimov and loses puck.
13:02 of 2nd period - Jaccob Slavin is hit by Alexander Radulov and loses puck.
13:28 of 2nd period - Penalty to Sven Baertschi is over, Sven Baertschi is back on ice.
13:43 of 2nd period - Jayson Megna is hit by Aleksander Barkov and loses puck.
14:22 of 2nd period - Anthony Duclair is hit by Jamie Benn and loses puck.
14:39 of 2nd period - Mark Jankowski is hit by Luke Schenn and loses puck.
15:23 of 2nd period - Icing by Anthony Duclair.
15:24 of 2nd period - Sean Kuraly wins face-off versus Aleksander Barkov in Predators zone.
15:47 of 2nd period - Brendan Lemieux is hit by Tomas Hertl and loses puck.
15:53 of 2nd period - Icing by Jay Bouwmeester.
15:54 of 2nd period - Tomas Hertl wins face-off versus Brayden Point in Predators zone.
16:29 of 2nd period - Slapshot by Artem Anisimov.
16:29 of 2nd period - Shot Misses the Net.
16:31 of 2nd period - Snap shot by Artem Anisimov.
16:31 of 2nd period - Stopped by Troy Grosenick with a rebound.
17:01 of 2nd period - Sven Baertschi is hit by Shea Weber and loses puck.
17:28 of 2nd period - Snap shot by Carl Soderberg.
17:28 of 2nd period - Stopped by Devan Dubnyk with a rebound.
17:38 of 2nd period - Slapshot by Jamie Benn.
17:38 of 2nd period - Shot Misses the Net.
17:40 of 2nd period - Wrist shot by Artem Anisimov.
17:40 of 2nd period - Stopped by Troy Grosenick with a rebound.
17:42 of 2nd period - Slapshot by Michael Del Zotto.
17:42 of 2nd period - Stopped by Troy Grosenick with a rebound.
17:44 of 2nd period - Slapshot by Michael Del Zotto.
17:44 of 2nd period - Deflect By Alexander Radulov.
17:44 of 2nd period - Stopped by Troy Grosenick without a rebound.
17:45 of 2nd period - Tomas Hertl wins face-off versus Aleksander Barkov in Predators zone.
17:56 of 2nd period - Snap shot by Brayden Point.
17:56 of 2nd period - Stopped by Devan Dubnyk without a rebound.
17:57 of 2nd period - Aleksander Barkov wins face-off versus Tomas Hertl in Kings zone.
18:31 of 2nd period - Snap shot by Anthony Duclair.
18:31 of 2nd period - Shot Blocked by Alex Goligoski.
18:39 of 2nd period - Vladislav Gavrikov is hit by Shea Weber and loses puck.
18:50 of 2nd period - Snap shot by Carter Rowney.
18:50 of 2nd period - Stopped by Troy Grosenick without a rebound.
18:51 of 2nd period - Aleksander Barkov wins face-off versus Sean Kuraly in Predators zone.
19:24 of 2nd period - Slapshot by Jonas Brodin.
19:24 of 2nd period - Stopped by Troy Grosenick with a rebound.
19:26 of 2nd period - Backhand shot by Danny DeKeyser.
19:26 of 2nd period - Shot Blocked by Colin Wilson.
19:28 of 2nd period - Wrist shot by Alex Ovechkin.
19:28 of 2nd period - Shot Hit the Post.
19:30 of 2nd period - Slapshot by Jonas Brodin.
19:30 of 2nd period - Shot Misses the Net.
19:32 of 2nd period - Snap shot by Jonas Brodin.
19:32 of 2nd period - Stopped by Troy Grosenick with a rebound.
Goals for this period are 2 for Kings vs 0 for Predators.
Shots for this period are 13 for Kings vs 8 for Predators.

3rd period


0:01 of 3rd period - Tomas Hertl wins face-off versus Aleksander Barkov in neutral zone.
0:28 of 3rd period - Snap shot by Jamie Benn.
0:28 of 3rd period - Stopped by Troy Grosenick with a rebound.
1:10 of 3rd period - Snap shot by Brendan Lemieux.
1:10 of 3rd period - Stopped by Devan Dubnyk without a rebound.
1:11 of 3rd period - Aleksander Barkov wins face-off versus Jayson Megna in Kings zone.
2:07 of 3rd period - Wrist shot by Colin Wilson.
2:07 of 3rd period - Stopped by Devan Dubnyk with a rebound.
2:13 of 3rd period - Minor Penalty to Luke Schenn for Goalie Interference.
2:14 of 3rd period - Aleksander Barkov wins face-off versus Sean Kuraly in Kings zone.
3:15 of 3rd period - Jay Bouwmeester is hit by Artturi Lehkonen and loses puck.
4:13 of 3rd period - Penalty to Luke Schenn is over, Luke Schenn is back on ice.
4:59 of 3rd period - Wrist shot by Tage Thompson.
4:59 of 3rd period - Shot Misses the Net.
5:02 of 3rd period - Icing by Colin Wilson.
5:03 of 3rd period - Mark Jankowski wins face-off versus Jayson Megna in Predators zone.
5:12 of 3rd period - Backhand shot by Sven Baertschi.
5:12 of 3rd period - Shot Blocked by Shea Weber.
5:14 of 3rd period - Snap shot by Mark Jankowski.
5:14 of 3rd period - Stopped by Devan Dubnyk without a rebound.
5:15 of 3rd period - Tomas Hertl wins face-off versus Aleksander Barkov in Kings zone.
5:20 of 3rd period - Slapshot by Artemi Panarin.
5:20 of 3rd period - Goal by Artemi Panarin - Kings : 4 - Predators : 2.
5:21 of 3rd period - Aleksander Barkov wins face-off versus Artemi Panarin in neutral zone.
5:28 of 3rd period - Snap shot by William Nylander.
5:28 of 3rd period - Stopped by Devan Dubnyk with a rebound.
5:50 of 3rd period - Slapshot by Alex Goligoski.
5:50 of 3rd period - Deflect By Alexander Radulov.
5:50 of 3rd period - Shot Blocked by Samuel Girard.
5:50 of 3rd period - Puck is out of play.
5:51 of 3rd period - Jamie Benn wins face-off versus Carl Soderberg in Predators zone.
5:52 of 3rd period - Snap shot by Alexander Radulov.
5:52 of 3rd period - Shot Blocked by Jaccob Slavin.
5:56 of 3rd period - Wrist shot by Jamie Benn.
5:56 of 3rd period - Shot Blocked by Jay Bouwmeester.
5:58 of 3rd period - Wrist shot by Artem Anisimov.
5:58 of 3rd period - Deflect By Alexander Radulov.
5:58 of 3rd period - Shot Misses the Net.
5:58 of 3rd period - Puck is out of play.
5:59 of 3rd period - Aleksander Barkov wins face-off versus Tomas Hertl in Predators zone.
6:11 of 3rd period - Off-side.
6:12 of 3rd period - Aleksander Barkov wins face-off versus Artemi Panarin in neutral zone.
6:19 of 3rd period - Wrist shot by Brayden Point.
6:19 of 3rd period - Stopped by Devan Dubnyk without a rebound.
6:20 of 3rd period - Tomas Hertl wins face-off versus Aleksander Barkov in Kings zone.
6:24 of 3rd period - Alex Ovechkin is hit by Aleksander Barkov and loses puck.
6:27 of 3rd period - Minor Penalty to Aleksander Barkov for High sticking.
6:28 of 3rd period - Carl Soderberg wins face-off versus Alex Ovechkin in Predators zone.
6:45 of 3rd period - Snap shot by Artemi Panarin.
6:45 of 3rd period - Stopped by Troy Grosenick with a rebound.
8:03 of 3rd period - Tomas Hertl is hit by Jaccob Slavin and loses puck.
8:27 of 3rd period - Penalty to Aleksander Barkov is over, Aleksander Barkov is back on ice.
8:54 of 3rd period - Snap shot by Alex Ovechkin.
8:54 of 3rd period - Shot Blocked by Robert Bortuzzo.
8:58 of 3rd period - Snap shot by Artemi Panarin.
8:58 of 3rd period - Stopped by Troy Grosenick with a rebound.
9:00 of 3rd period - Slapshot by Alex Ovechkin.
9:00 of 3rd period - Stopped by Troy Grosenick with a rebound.
9:02 of 3rd period - Slapshot by Alex Goligoski.
9:02 of 3rd period - Stopped by Troy Grosenick without a rebound.
9:03 of 3rd period - Jamie Benn wins face-off versus Carl Soderberg in Predators zone.
9:34 of 3rd period - Carter Rowney is hit by Matthew Nieto and loses puck.
10:06 of 3rd period - Michael Del Zotto is hit by Anthony Duclair and loses puck.
10:32 of 3rd period - Vladislav Gavrikov is hit by Artturi Lehkonen and loses puck.
10:51 of 3rd period - Wrist shot by Samuel Girard.
10:51 of 3rd period - Deflect By Jamie Benn.
10:51 of 3rd period - Stopped by Devan Dubnyk without a rebound.
10:52 of 3rd period - Jamie Benn wins face-off versus Mark Jankowski in Kings zone.
10:52 of 3rd period - Jamie Benn is hit by Mark Jankowski.
10:58 of 3rd period - Slapshot by Colin Wilson.
10:58 of 3rd period - Deflect By Mark Jankowski.
10:58 of 3rd period - Stopped by Devan Dubnyk without a rebound.
10:59 of 3rd period - Aleksander Barkov wins face-off versus Jamie Benn in Kings zone.
11:22 of 3rd period - Snap shot by Jamie Benn.
11:22 of 3rd period - Shot Hit the Post.
11:37 of 3rd period - Off-side.
11:38 of 3rd period - Carl Soderberg wins face-off versus Tomas Hertl in neutral zone.
12:12 of 3rd period - Slapshot by Sven Baertschi.
12:12 of 3rd period - Stopped by Devan Dubnyk with a rebound.
12:14 of 3rd period - Wrist shot by Vladislav Gavrikov.
12:14 of 3rd period - Shot Misses the Net.
12:16 of 3rd period - Slapshot by Mark Jankowski.
12:16 of 3rd period - Goal by Mark Jankowski - Kings : 4 - Predators : 3.
12:17 of 3rd period - Aleksander Barkov wins face-off versus Tomas Hertl in neutral zone.
12:22 of 3rd period - Wrist shot by Aleksander Barkov.
12:22 of 3rd period - Stopped by Devan Dubnyk without a rebound.
12:23 of 3rd period - Aleksander Barkov wins face-off versus Tomas Hertl in Kings zone.
12:34 of 3rd period - Snap shot by Brayden Point.
12:34 of 3rd period - Shot Misses the Net.
12:36 of 3rd period - Slapshot by Brayden Point.
12:36 of 3rd period - Stopped by Devan Dubnyk with a rebound.
12:38 of 3rd period - Slapshot by Jay Bouwmeester.
12:38 of 3rd period - Stopped by Devan Dubnyk without a rebound.
12:39 of 3rd period - Carl Soderberg wins face-off versus Jamie Benn in Kings zone.
12:52 of 3rd period - Wrist shot by Alexander Radulov.
12:52 of 3rd period - Deflect By Anthony Duclair.
12:52 of 3rd period - Shot Misses the Net.
12:52 of 3rd period - Puck is out of play.
12:53 of 3rd period - Aleksander Barkov wins face-off versus Tomas Hertl in Predators zone.
13:56 of 3rd period - Backhand shot by Aleksander Barkov.
13:56 of 3rd period - Goal by Aleksander Barkov - Kings : 4 - Predators : 4.
13:57 of 3rd period - Tomas Hertl wins face-off versus Aleksander Barkov in neutral zone.
14:10 of 3rd period - Wrist shot by Alex Ovechkin.
14:10 of 3rd period - Stopped by Troy Grosenick with a rebound.
14:12 of 3rd period - Slapshot by Alex Goligoski.
14:12 of 3rd period - Stopped by Troy Grosenick with a rebound.
14:17 of 3rd period - Minor Penalty to William Nylander for Hooking.
14:18 of 3rd period - Tomas Hertl wins face-off versus Carl Soderberg in Predators zone.
14:30 of 3rd period - Wrist shot by Artemi Panarin.
14:30 of 3rd period - Shot Misses the Net.
14:32 of 3rd period - Slapshot by Shea Weber.
14:32 of 3rd period - Goal by Shea Weber - Kings : 5 - Predators : 4.
14:33 of 3rd period - Aleksander Barkov wins face-off versus Tomas Hertl in neutral zone.
14:48 of 3rd period - Slapshot by Artemi Panarin.
14:48 of 3rd period - Stopped by Troy Grosenick without a rebound.
14:49 of 3rd period - Jamie Benn wins face-off versus Aleksander Barkov in Predators zone.
14:54 of 3rd period - Wrist shot by Jamie Benn.
14:54 of 3rd period - Stopped by Troy Grosenick without a rebound.
14:55 of 3rd period - Aleksander Barkov wins face-off versus Jamie Benn in Predators zone.
15:00 of 3rd period - Wrist shot by Jamie Benn.
15:00 of 3rd period - Shot Blocked by Vladislav Gavrikov.
15:02 of 3rd period - Wrist shot by Danny DeKeyser.
15:02 of 3rd period - Shot Blocked by Matthew Nieto.
15:06 of 3rd period - Snap shot by Artem Anisimov.
15:06 of 3rd period - Stopped by Troy Grosenick without a rebound.
15:07 of 3rd period - Aleksander Barkov wins face-off versus Artturi Lehkonen in Predators zone.
15:12 of 3rd period - Shea Weber is hit by Jaccob Slavin and loses puck.
15:35 of 3rd period - Mark Jankowski is hit by Tomas Hertl.
15:41 of 3rd period - Wrist shot by Sven Baertschi.
15:41 of 3rd period - Shot Misses the Net.
15:43 of 3rd period - Snap shot by Jaccob Slavin.
15:43 of 3rd period - Shot Blocked by Artemi Panarin.
15:59 of 3rd period - Snap shot by Alexander Radulov.
15:59 of 3rd period - Shot Blocked by Carl Soderberg.
16:01 of 3rd period - Slapshot by Artem Anisimov.
16:01 of 3rd period - Goal by Artem Anisimov - Kings : 6 - Predators : 4.
16:02 of 3rd period - Aleksander Barkov wins face-off versus Sean Kuraly in neutral zone.
16:05 of 3rd period - Jonas Brodin is hit by Brendan Lemieux and loses puck.
16:35 of 3rd period - Slapshot by Vladislav Gavrikov.
16:35 of 3rd period - Stopped by Devan Dubnyk without a rebound.
16:36 of 3rd period - Aleksander Barkov wins face-off versus Alex Ovechkin in Kings zone.
16:51 of 3rd period - Jay Bouwmeester is hit by Artemi Panarin and loses puck.
17:02 of 3rd period - Jay Bouwmeester is hit by Carter Rowney and loses puck.
17:07 of 3rd period - Snap shot by Sean Kuraly.
17:07 of 3rd period - Stopped by Troy Grosenick with a rebound.
17:09 of 3rd period - Snap shot by Michael Del Zotto.
17:09 of 3rd period - Stopped by Troy Grosenick without a rebound.
17:10 of 3rd period - Aleksander Barkov wins face-off versus Artturi Lehkonen in Predators zone.
17:29 of 3rd period - Aleksander Barkov is hit by Sean Kuraly and loses puck.
19:17 of 3rd period - Minor Penalty to Sven Baertschi for High sticking.
19:18 of 3rd period - Tomas Hertl wins face-off versus Matthew Nieto in Predators zone.
19:44 of 3rd period - Carl Soderberg is hit by Alex Goligoski and loses puck.
Goals for this period are 3 for Kings vs 2 for Predators.
Shots for this period are 15 for Kings vs 14 for Predators.